AoeStats
← Křovák

Hideout

508181360Analyzed
1v1 RM · 11d ago on Sep 21, 2026· 50m 56s· 2 players
Game mode
Random Map
Map size
Tiny (2 player)
Population
200
Speed
Normal
Resources
Standard
Victory
Conquest
Starting age
Dark Age
Ending age
Imperial Age
RankedLock teamsTeams togetherTeam positionsShared explorationLock speedFull tech treeHidden civsTurbo modeCheats
Victory
Defeat
🇨🇿 Byzantines · Czechia
841
+15
🇮🇪 Teutons · Ireland
818
-15
wayneod
10:33 Feudal Age
8:49 Loom
11:03 Double-Bit Axe
11:00 Horse Collar
19:44 Castle Age
17:35 Man-at-Arms
19:26 Bloodlines
19:45 Fletching
21:05 Bow Saw
21:35 Gold Mining
22:54 Stone Mining
23:45 Town Watch
24:37 Wheelbarrow
26:25 Forging
26:01 Elite Skirmisher
27:23 Stone Shaft Mining
26:22 Pikeman
29:52 Squires
35:42 Imperial Age
33:31 Hand Cart
33:56 Scale Mail Armor
35:49 Halberdier
37:39 Two-Man Saw
37:54 Iron Casting
40:22 Blast Furnace
41:42 Chemistry
43:16 Town Patrol
46:02 Heavy Plow
46:43 Cavalier
Křovák
6:59 Loom
10:22 Feudal Age
10:50 Double-Bit Axe
10:48 Horse Collar
18:36 Castle Age
21:56 Fletching
22:08 Padded Archer Armor
23:07 Bow Saw
22:59 Heavy Plow
28:45 Scale Barding Armor
30:52 Forging
30:37 Bodkin Arrow
31:04 Chain Barding Armor
30:46 Crossbowman
34:38 Imperial Age
36:44 Padded Archer Armor
36:45 Bracer
37:09 Ballistics
38:36 Gold Mining
38:37 Stone Mining
40:25 Thumb Ring
42:33 Arbalester
46:00 Leather Archer Armor
52:35 Chemistry
Connection lost

Rejoining the realm…

Still unreachable

The connection could not be restored.

Session expired

The server has moved on; the page needs a fresh start.